TOP OF THE 1ST |
St Charles Sheens batting - Pitching for San Francisco Bandits : LHP William Watson
|
Pitching: LHP William Watson
|
|
Batting: RHB Jesús Gonzáles
|
0-0: Called Strike 0-1: Swinging Strike 0-2: Ground out 6-3 (Groundball, 6)
|
Batting: RHB Dan Tyler
|
0-0: Ball 1-0: Called Strike 1-1: Ball 2-1: Ground out 4-3 (Groundball, 4)
|
Batting: LHB Stan Bates
|
0-0: Ball 1-0: Ball 2-0: Foul Ball, location: 2F 2-1: Foul Ball, location: 2F 2-2: Ball 3-2: Foul Ball, location: 2F 3-2: Foul Ball, location: 2F 3-2: Fly out, F8 (Flyball, 8LS)
|
Top of the 1st over - 0 run(s), 0 hit(s), 0 error(s), 0 left on base; St Charles 0 - San Francisco 0 |
BOTTOM OF THE 1ST |
San Francisco Bandits batting - Pitching for St Charles Sheens : RHP Oscar Wheeler
|
Pitching: RHP Oscar Wheeler
|
|
Batting: RHB Javier Ramírez
|
0-0: Called Strike 0-1: Foul Ball, location: 2F 0-2: SINGLE (Groundball, 6D)
|
Batting: LHB Jerry Bryan
|
0-0: Ball 1-0: Foul Ball, location: 2F 1-1: Swinging Strike 1-2: Fly out, F8 (Flyball, 8RM)
|
Batting: RHB Cory Foster
|
0-0: Ball 1-0: Called Strike 1-1: Swinging Strike 1-2: Strikes out swinging
|
Batting: RHB Michael Elliott
|
0-0: Called Strike 0-1: Foul Ball, location: 2F 0-2: Foul Ball, location: 2F 0-2: Ball 1-2: Strikes out swinging
|
Bottom of the 1st over - 0 run(s), 1 hit(s), 0 error(s), 1 left on base; St Charles 0 - San Francisco 0 |
TOP OF THE 2ND |
St Charles Sheens batting - Pitching for San Francisco Bandits : LHP William Watson
|
Batting: RHB Júlio Figueroa
|
0-0: Ball 1-0: Ball 2-0: Ball 3-0: Called Strike 3-1: DOUBLE (Line Drive, 8LXD)
|
Batting: RHB Max Rash
|
0-0: Ground out 1-3 (Groundball, P) Júlio Figueroa to third
|
Batting: LHB Gene Cooper
|
0-0: Foul Ball, location: 2F 0-1: Ball 1-1: Swinging Strike 1-2: Ground out 4-3 (Groundball, 4) Júlio Figueroa scores
|
Batting: RHB Bill Little
|
0-0: Called Strike 0-1: Fly out, F8 (Line Drive, 8LS)
|
Top of the 2nd over - 1 run(s), 1 hit(s), 0 error(s), 0 left on base; St Charles 1 - San Francisco 0 |
BOTTOM OF THE 2ND |
San Francisco Bandits batting - Pitching for St Charles Sheens : RHP Oscar Wheeler
|
Batting: RHB Naomichi Aoki
|
0-0: Ball 1-0: Ball 2-0: Fly out, F8 (Flyball, 8LD)
|
Batting: LHB Jack Hewat
|
0-0: Foul Ball, location: 2F 0-1: Foul Ball, location: 2F 0-2: Ball 1-2: Foul Ball, location: 2F 1-2: Ball 2-2: Ball 3-2: Strikes out looking
|
Batting: RHB Scott Merritt
|
0-0: DOUBLE (Line Drive, 78XD)
|
Batting: RHB José Sánchez
|
0-0: Ball 1-0: Ball 2-0: SINGLE (Groundball, 6M) (infield hit) Scott Merritt to third
|
Batting: RHB Miguel Mendoza
|
0-0: Called Strike 0-1: Ball 1-1: Swinging Strike 1-2: Ball 2-2: Foul Ball, location: 2F 2-2: Foul Ball, location: 2F 2-2: Strikes out swinging
|
Bottom of the 2nd over - 0 run(s), 2 hit(s), 0 error(s), 2 left on base; St Charles 1 - San Francisco 0 |
TOP OF THE 3RD |
St Charles Sheens batting - Pitching for San Francisco Bandits : LHP William Watson
|
Batting: RHB Kel Pierce
|
0-0: Ball 1-0: Ball 2-0: Ball 3-0: Called Strike 3-1: Ground out 5-3 (Groundball, 56)
|
Batting: LHB Jason Lambert
|
0-0: Called Strike 0-1: SINGLE (Groundball, 34) (infield hit)
|
Batting: RHB Jesús Gonzáles
|
0-0: Called Strike 0-1: Ball 1-1: Ball 2-1: Fielders Choice at 2nd, 6-4 (Groundball, 6M)
|
Batting: RHB Dan Tyler
|
0-0: Called Strike 0-1: Swinging Strike 0-2: Ground out 5-3 (Groundball, 2L)
|
Top of the 3rd over - 0 run(s), 1 hit(s), 0 error(s), 1 left on base; St Charles 1 - San Francisco 0 |
BOTTOM OF THE 3RD |
San Francisco Bandits batting - Pitching for St Charles Sheens : RHP Oscar Wheeler
|
Batting: RHB Javier Ramírez
|
0-0: SINGLE (Flyball, 8LS)
|
Batting: LHB Jerry Bryan
|
0-0: Called Strike 0-1: Ball 1-1: Ball 2-1: Foul Ball, location: 2F 2-2: SINGLE (Groundball, 34D) Javier Ramírez to second Runner from 2nd tries for 3rd, SAFE, no throw
|
Batting: RHB Cory Foster
|
0-0: Foul Ball, location: 2F 0-1: Swinging Strike 0-2: Ball 1-2: Ball 2-2: Ball 3-2: Reached on error, E7 (Flyball, 7S) Javier Ramírez scores Jerry Bryan to second
|
Batting: RHB Michael Elliott
|
0-0: Ball 1-0: Called Strike 1-1: Called Strike 1-2: Strikes out swinging
|
Batting: RHB Naomichi Aoki
|
0-0: Called Strike 0-1: SINGLE (Groundball, 6MD) Jerry Bryan to third Cory Foster to second Runner from 3rd tries for Home, SAFE, throw made home Cory Foster to third Naomichi Aoki to second
|
Batting: LHB Jack Hewat
|
0-0: Foul Ball, location: 2F 0-1: Ball 1-1: Ball 2-1: Foul Ball, location: 2F 2-2: Strikes out swinging
|
Batting: RHB Scott Merritt
|
0-0: Ball 1-0: Called Strike 1-1: Ball 2-1: Foul Ball, location: 2F 2-2: Foul Ball, location: 2F 2-2: Strikes out looking
|
Bottom of the 3rd over - 2 run(s), 3 hit(s), 1 error(s), 2 left on base; St Charles 1 - San Francisco 2 |
TOP OF THE 4TH |
St Charles Sheens batting - Pitching for San Francisco Bandits : LHP William Watson
|
Batting: LHB Stan Bates
|
0-0: Ball 1-0: Ball 2-0: Ball 3-0: Called Strike 3-1: Ground out 6-3 (Groundball, 6M)
|
Batting: RHB Júlio Figueroa
|
0-0: Ball 1-0: Ball 2-0: Ball 3-0: Base on Balls
|
Batting: RHB Max Rash
|
0-0: Ball 1-0: Foul Ball, location: 2F 1-1: Ball 2-1: Grounds into double play, 6-4-3 (Groundball, 6)
|
Top of the 4th over - 0 run(s), 0 hit(s), 0 error(s), 0 left on base; St Charles 1 - San Francisco 2 |
BOTTOM OF THE 4TH |
San Francisco Bandits batting - Pitching for St Charles Sheens : RHP Oscar Wheeler
|
Batting: RHB José Sánchez
|
0-0: Foul Ball, location: 2F 0-1: Swinging Strike 0-2: Ball 1-2: Ball 2-2: Foul Ball, location: 2F 2-2: Strikes out swinging
|
Batting: RHB Miguel Mendoza
|
0-0: Called Strike 0-1: Foul Ball, location: 2F 0-2: Ball 1-2: Strikes out swinging
|
Batting: RHB Javier Ramírez
|
0-0: Called Strike 0-1: Ball 1-1: Called Strike 1-2: Ball 2-2: Fly out, F3 (Popup, 3L)
|
Bottom of the 4th over - 0 run(s), 0 hit(s), 0 error(s), 0 left on base; St Charles 1 - San Francisco 2 |
TOP OF THE 5TH |
St Charles Sheens batting - Pitching for San Francisco Bandits : LHP William Watson
|
Batting: LHB Gene Cooper
|
0-0: Ball 1-0: Ball 2-0: Ball 3-0: Base on Balls
|
Batting: RHB Bill Little
|
0-0: Called Strike 0-1: Ball 1-1: SINGLE (Groundball, 56D) Gene Cooper to second
|
Batting: RHB Kel Pierce
|
0-0: DOUBLE (Line Drive, 78D) Gene Cooper scores Bill Little to third
|
Batting: LHB Jason Lambert
|
0-0: Called Strike 0-1: Ball 1-1: Called Strike 1-2: SINGLE (Groundball, 34D) Bill Little scores Kel Pierce to third Runner from 3rd tries for Home, SAFE, no throw
|
Batting: RHB Jesús Gonzáles
|
0-0: Ball 1-0: Grounds into double play, 6-4-3 (Groundball, 6)
|
Batting: RHB Dan Tyler
|
0-0: Ball 1-0: Called Strike 1-1: Ball 2-1: Ball 3-1: SINGLE (Groundball, 56S) (infield hit)
|
Batting: LHB Stan Bates
|
0-0: Ball 1-0: Foul Ball, location: 2F 1-1: Ball 2-1: Ball 3-1: Foul Ball, location: 2F 3-2: Fly out, F7 (Flyball, 7S)
|
Top of the 5th over - 3 run(s), 4 hit(s), 0 error(s), 1 left on base; St Charles 4 - San Francisco 2 |
BOTTOM OF THE 5TH |
San Francisco Bandits batting - Pitching for St Charles Sheens : RHP Oscar Wheeler
|
Batting: LHB Jerry Bryan
|
0-0: Ball 1-0: Ball 2-0: Fly out, F8 (Flyball, 8LM)
|
Batting: RHB Cory Foster
|
0-0: Ball 1-0: Swinging Strike 1-1: Ball 2-1: Ball 3-1: Called Strike 3-2: Ground out 6-3 (Groundball, 6)
|
Batting: RHB Michael Elliott
|
0-0: SINGLE (Flyball, 8RS)
|
Batting: RHB Naomichi Aoki
|
0-0: Called Strike 0-1: Foul Ball, location: 2F 0-2: Ball 1-2: Foul Ball, location: 2F 1-2: Fly out, F8 (Flyball, 8LD)
|
Bottom of the 5th over - 0 run(s), 1 hit(s), 0 error(s), 1 left on base; St Charles 4 - San Francisco 2 |
TOP OF THE 6TH |
St Charles Sheens batting - Pitching for San Francisco Bandits : LHP William Watson
|
Batting: RHB Júlio Figueroa
|
0-0: Called Strike 0-1: Fly out, F7 (Flyball, 7LM)
|
Batting: RHB Max Rash
|
0-0: Called Strike 0-1: Swinging Strike 0-2: Ball 1-2: Ball 2-2: Ball 3-2: Fly out, F3 (Popup, 3)
|
Batting: LHB Gene Cooper
|
0-0: Foul Ball, location: 2F 0-1: Ball 1-1: Ball 2-1: Called Strike 2-2: Ball 3-2: Base on Balls
|
Batting: RHB Bill Little
|
0-0: Foul Ball, location: 2F 0-1: Called Strike 0-2: Fly out, F8 (Flyball, 8RXD)
|
Top of the 6th over - 0 run(s), 0 hit(s), 0 error(s), 1 left on base; St Charles 4 - San Francisco 2 |
BOTTOM OF THE 6TH |
San Francisco Bandits batting - Pitching for St Charles Sheens : RHP Oscar Wheeler
|
Batting: LHB Jack Hewat
|
0-0: Ball 1-0: Ball 2-0: Ball 3-0: Called Strike 3-1: Base on Balls
|
Batting: RHB Scott Merritt
|
0-0: Ball 1-0: Ball 2-0: SINGLE (Groundball, 6MD) Jack Hewat to second
|
Batting: RHB José Sánchez
|
0-0: Ball 1-0: Ball 2-0: Called Strike 2-1: Fly out, F9 (Flyball, 89D) Runner from 2nd tags up, SAFE at 3rd, no throw
|
Batting: RHB Miguel Mendoza
|
0-0: Ball 1-0: 3-RUN HOME RUN (Flyball, 7D), Distance : 368 ft
|
Pitching: RHP Joe O'Sullivan
|
|
Batting: RHB Javier Ramírez
|
0-0: Ground out 6-3 (Groundball, 6)
|
Batting: LHB Jerry Bryan
|
0-0: Ball 1-0: Swinging Strike 1-1: Ball 2-1: Called Strike 2-2: Ground out 5-3 (Groundball, 56)
|
Bottom of the 6th over - 3 run(s), 2 hit(s), 0 error(s), 0 left on base; St Charles 4 - San Francisco 5 |
TOP OF THE 7TH |
St Charles Sheens batting - Pitching for San Francisco Bandits : LHP William Watson
|
Batting: RHB Kel Pierce
|
0-0: SINGLE (Line Drive, 89S)
|
Batting: LHB Jason Lambert
|
0-0: Ball 1-0: Sac Bunt - play at first, batter OUT! 5-4 Kel Pierce to second
|
Batting: RHB Jesús Gonzáles
|
0-0: Called Strike 0-1: Foul Ball, location: 2F 0-2: Ball 1-2: Ground out 5-3 (Groundball, 56)
|
Batting: RHB Dan Tyler
|
0-0: Ball 1-0: Ball 2-0: Foul Ball, location: 2F 2-1: DOUBLE (Groundball, 5L) Kel Pierce scores
|
Pinch Hitting: RHB Ben Dougherty
|
0-0: Ball Wild Pitch! Dan Tyler to third 1-0: Foul Ball, location: 2F 1-1: Ground out 6-3 (Groundball, 6)
|
Top of the 7th over - 1 run(s), 2 hit(s), 0 error(s), 1 left on base; St Charles 5 - San Francisco 5 |
BOTTOM OF THE 7TH |
San Francisco Bandits batting - Pitching for St Charles Sheens : RHP Joe O'Sullivan
|
Now at 1B: Lorenzo González
|
|
Batting: RHB Cory Foster
|
0-0: SINGLE (Flyball, 8RS)
|
Batting: RHB Michael Elliott
|
0-0: Ball 1-0: Fly out, F2 (Popup, 56S)
|
Batting: RHB Naomichi Aoki
|
0-0: Ball 1-0: Foul Ball, location: 2F 1-1: Ball 2-1: Foul Ball, location: 2F 2-2: Ball 3-2: Base on Balls Cory Foster to second
|
Pitching: LHP Ron Cummins
|
|
Pinch Hitting: RHB Ramón Ruíz
|
0-0: Ball 1-0: Foul Ball, location: 2F 1-1: Ball Passed Ball! Cory Foster to third Naomichi Aoki to second 2-1: Intentional Walk
|
Pitching: RHP Augusto Herrera
|
|
Pinch Hitting: LHB Francisco Calderón
|
0-0: Foul Ball, location: 2F 0-1: Foul Ball, location: 2F 0-2: Ball 1-2: Ball 2-2: Foul Ball, location: 2F 2-2: Foul Ball, location: 2F 2-2: Foul Ball, location: 2F 2-2: Foul Ball, location: 2F 2-2: Ball 3-2: Base on Balls Cory Foster scores Naomichi Aoki to third Ramón Ruíz to second
|
Pinch Hitting: RHB Sadao Kato
|
0-0: Ball 1-0: Fly out, F9 (Flyball, 9) Throwing error, E9 Naomichi Aoki scores Ramón Ruíz to third Francisco Calderón to second
|
Batting: RHB Miguel Mendoza
|
0-0: Called Strike 0-1: Foul Ball, location: 2F 0-2: Ball 1-2: Fly out, F9 (Flyball, 89S)
|
Bottom of the 7th over - 2 run(s), 1 hit(s), 1 error(s), 2 left on base; St Charles 5 - San Francisco 7 |
TOP OF THE 8TH |
St Charles Sheens batting - Pitching for San Francisco Bandits : LHP William Watson
|
Pitching: RHP Mal Park
|
|
Now at C: Ángel Hernández
|
|
Now at 2B: Alberto Gómez
|
|
Now at 3B: Jorge Díaz
|
|
Now in LF: Francisco Calderón
|
|
Batting: RHB Júlio Figueroa
|
0-0: Ball 1-0: Ball 2-0: Ball 3-0: Base on Balls
|
Batting: RHB Max Rash
|
0-0: SINGLE (Line Drive, 4D) Júlio Figueroa to second Runner from 2nd tries for 3rd, SAFE, throw made to third
|
Pitching: RHP Alfonso Martínez
|
|
Batting: LHB Gene Cooper
|
0-0: Ball 1-0: Called Strike 1-1: Ball 2-1: Foul Ball, location: 2F 2-2: Foul Ball, location: 2F 2-2: Ball 3-2: Strikes out swinging
|
Batting: RHB Bill Little
|
0-0: Ball 1-0: Ball 2-0: Ball 3-0: Foul Ball, location: 2F 3-1: Swinging Strike 3-2: Foul Ball, location: 2F 3-2: Base on Balls Max Rash to second
|
Pinch Hitting: LHB Tanyu Imai
|
0-0: Ball 1-0: Ball 2-0: Ball 3-0: Base on Balls Júlio Figueroa scores Max Rash to third Bill Little to second
|
Batting: LHB Jason Lambert
|
0-0: Ball 1-0: Ball 2-0: Called Strike 2-1: Foul Ball, location: 2F 2-2: Foul Ball, location: 2F 2-2: Fly out, F7 (Flyball, 7LM) Runner from 3rd tags up, SCORES, throw made
|
Pinch Hitting: RHB Jesús Hernández
|
0-0: Foul Ball, location: 2F 0-1: Ball 1-1: Ball 2-1: Foul Ball, location: 2F 2-2: Ground out 1-3 (Groundball, 15)
|
Top of the 8th over - 2 run(s), 1 hit(s), 0 error(s), 2 left on base; St Charles 7 - San Francisco 7 |
BOTTOM OF THE 8TH |
San Francisco Bandits batting - Pitching for St Charles Sheens : RHP Augusto Herrera
|
Now at 2B: Alfredo Hernández
|
|
Now in LF: Jesús Hernández
|
|
Batting: RHB Javier Ramírez
|
0-0: Called Strike 0-1: Ball 1-1: Ball 2-1: Foul Ball, location: 2F 2-2: Foul Ball, location: 2F 2-2: Strikes out swinging
|
Batting: LHB Jerry Bryan
|
0-0: Ball 1-0: Called Strike 1-1: Foul Ball, location: 2F 1-2: Ball 2-2: Foul Ball, location: 2F 2-2: Ball 3-2: Strikes out looking
|
Batting: RHB Cory Foster
|
0-0: SINGLE (Groundball, 6MD)
|
Batting: RHB Michael Elliott
|
0-0: Called Strike 0-1: Foul Ball, location: 2F 0-2: Ball 1-2: Foul Ball, location: 2F 1-2: Foul Ball, location: 2F 1-2: Ball 2-2: Strikes out swinging
|
Bottom of the 8th over - 0 run(s), 1 hit(s), 0 error(s), 1 left on base; St Charles 7 - San Francisco 7 |
TOP OF THE 9TH |
St Charles Sheens batting - Pitching for San Francisco Bandits : RHP Alfonso Martínez
|
Pitching: RHP Kunihiko Daikawa
|
|
Batting: RHB Dan Tyler
|
0-0: Ball 1-0: Called Strike 1-1: Called Strike 1-2: Strikes out swinging
|
Batting: RHB Lorenzo González
|
0-0: Called Strike 0-1: DOUBLE (Line Drive, 7D)
|
Batting: RHB Júlio Figueroa
|
0-0: Called Strike 0-1: Ball 1-1: Fly out, F9 (Flyball, 9D) Runner from 2nd tags up, SAFE at 3rd, no throw
|
Batting: RHB Max Rash
|
0-0: Swinging Strike 0-1: Ball 1-1: Fly out, F8 (Line Drive, 8LS)
|
Top of the 9th over - 0 run(s), 1 hit(s), 0 error(s), 1 left on base; St Charles 7 - San Francisco 7 |
BOTTOM OF THE 9TH |
San Francisco Bandits batting - Pitching for St Charles Sheens : RHP Augusto Herrera
|
Pitching: RHP Álex Villegas
|
|
Batting: RHB Naomichi Aoki
|
0-0: Ball 1-0: Swinging Strike 1-1: Ground out 5-3 (Groundball, 2L)
|
Batting: LHB Alberto Gómez
|
0-0: Called Strike 0-1: Called Strike 0-2: Ball 1-2: Ball 2-2: Foul Ball, location: 2F 2-2: SINGLE (Line Drive, 8RS)
|
Batting: LHB Francisco Calderón
|
0-0: Foul Ball, location: 2F 0-1: Ball 1-1: Swinging Strike 1-2: Strikes out looking
|
Pitching: RHP Jeff Lynn
|
|
Pinch Hitting: RHB Dale Taylor
|
0-0: Ball 1-0: Fly out, F9 (Flyball, 9LM)
|
Bottom of the 9th over - 0 run(s), 1 hit(s), 0 error(s), 1 left on base; St Charles 7 - San Francisco 7 |
TOP OF THE 10TH |
St Charles Sheens batting - Pitching for San Francisco Bandits : RHP Kunihiko Daikawa
|
Now at 3B: Gustavo Ortíz
|
|
Batting: LHB Gene Cooper
|
0-0: Ball 1-0: Foul Ball, location: 2F 1-1: SOLO HOME RUN (Flyball, 89XD), Distance : 421 ft
|
Batting: RHB Bill Little
|
0-0: Ball 1-0: Ball 2-0: Ball 3-0: Base on Balls
|
Batting: RHB Alfredo Hernández
|
0-0: Sac Bunt - play at second, runner safe!
|
Batting: LHB Jason Lambert
|
0-0: Bunt missed! 0-1: Bunted foul 0-2: Ball 1-2: Foul Ball, location: 2F 1-2: Fly out, F7 (Flyball, 78M)
|
Batting: RHB Jesús Hernández
|
0-0: Fly out, F7 (Flyball, 7S)
|
Batting: RHB Dan Tyler
|
0-0: Ball 1-0: Ball 2-0: Ball 3-0: Called Strike 3-1: Base on Balls Bill Little to third Alfredo Hernández to second
|
Batting: RHB Lorenzo González
|
0-0: Called Strike 0-1: Ball 1-1: Swinging Strike 1-2: SINGLE (Groundball, 6MD) Bill Little scores Alfredo Hernández to third Dan Tyler to second Runner from 3rd tries for Home, SAFE, no throw
|
Pitching: RHP Paul Lewis
|
|
Batting: RHB Júlio Figueroa
|
0-0: Called Strike 0-1: Ball 1-1: Ball 2-1: Ball 3-1: Ground out 1-3 (Groundball, 13)
|
Top of the 10th over - 3 run(s), 2 hit(s), 0 error(s), 2 left on base; St Charles 10 - San Francisco 7 |
BOTTOM OF THE 10TH |
San Francisco Bandits batting - Pitching for St Charles Sheens : RHP Jeff Lynn
|
Pitching: RHP Sang-joon Pak
|
|
Batting: RHB Ángel Hernández
|
0-0: Foul Ball, location: 2F 0-1: Fly out, F7 (Flyball, 7LMF)
|
Batting: RHB Javier Ramírez
|
0-0: Ball 1-0: Ball 2-0: Ball 3-0: Base on Balls
|
Batting: LHB Jerry Bryan
|
0-0: Ball 1-0: Ball 2-0: Ball 3-0: Called Strike 3-1: Foul Ball, location: 2F 3-2: Base on Balls Javier Ramírez to second
|
Batting: RHB Cory Foster
|
0-0: Ball 1-0: Foul Ball, location: 2F 1-1: Foul Ball, location: 2F 1-2: Ball 2-2: Ball 3-2: Fly out, F8 (Flyball, 8LXD) Runner from 2nd tags up, SAFE at 3rd, no throw
|
Batting: RHB Michael Elliott
|
0-0: SINGLE (Groundball, 34D) Javier Ramírez scores Jerry Bryan to second Runner from 2nd tries for 3rd, SAFE, throw made to third
|
Batting: RHB Naomichi Aoki
|
0-0: Called Strike 0-1: Swinging Strike 0-2: Foul Ball, location: 2F 0-2: Ball 1-2: Strikes out swinging
|
Bottom of the 10th over - 1 run(s), 1 hit(s), 0 error(s), 2 left on base; St Charles 10 - San Francisco 8 |
|